 Dungeon Crawl Stone Soup version 0.29-a0-298-g3c90f9a769 (webtiles) character file.

Game seed: 14119825290480946780

6 jmlagarto the Skirmisher (level 1, -15/20 HPs)
             Began as a Hill Orc Abyssal Knight on Mar 23, 2022.
             Was a Believer of Lugonu.
             Engulfed by a cloud of flame (24 damage)
             ... on level 1 of the Dungeon.
             The game lasted 00:00:23 (233 turns).

jmlagarto the Skirmisher (Hill Orc Abyssal Knight)   Turns: 233, Time: 00:00:24

Health: -15/20     AC:  3    Str: 15    XL:     1   Next: 90%
Magic:  2/2        EV: 11    Int: 10    God:    Lugonu [**....]
Gold:   16         SH:  0    Dex: 11    Spells: 0/0 levels left

rFire   . . .      SeeInvis .   a - +1 hand axe
rCold   . . .      Faith    .   (no shield)
rNeg    . . .      Spirit   .   b - +0 leather armour
rPois   .          Reflect  .   (no helmet)
rElec   .          Harm     .   (no cloak)
rCorr   .          Rampage  .   (no gloves)
Will    .....                   (no boots)
Stlth   +.........              (no amulet)
HPRegen 0.06/turn               (no ring)
MPRegen 0.08/turn               (no ring)

@: no status effects
A: no striking features
a: Renounce Religion, Depart the Abyss, Bend Space


You were on level 1 of the Dungeon.
You worshipped Lugonu.
Lugonu was pleased with you.
You visited 1 branch of the dungeon, and saw 1 of its levels.
You visited the Abyss 1 time.

You collected 16 gold pieces.

Inventory:

Hand Weapons
 a - a +1 hand axe (weapon)
Armour
 b - a +0 leather armour (worn)


   Skills:
 + Level 3.7 Fighting
 + Level 2.8 Axes
 + Level 2.3 Armour
 + Level 0.9 Dodging
 + Level 2.6 Invocations


You couldn't memorise any spells.
You didn't know any spells.
Your spell library was empty.

Dungeon Overview and Level Annotations

Branches:
Dungeon (1/15)

Altars:


Message History

The ball python hisses angrily.
The bat barely misses you.
You hit the bat.
The bat is moderately wounded.
The bat hits you but does no damage. The bat misses you. The bat hits you.
You closely miss the bat.
The bat is moderately wounded.
The bat hits you but does no damage.
You barely miss the bat.
The bat is moderately wounded.
You barely miss the ball python. The bat barely misses you.
The ball python barely misses you. x2; The ball python misses you.
The ball python barely misses you.
You hit the ball python.
You kill the ball python!
Lugonu accepts your kill. The bat completely misses you.
The bat closely misses you. The bat barely misses you. x2
You hit the bat.
The bat is severely wounded.
The bat hits you but does no damage. x2
The bat barely misses you. The bat barely misses you. The bat misses you.
You hit the bat.
You kill the bat!
Lugonu accepts your kill.
No target in view!
You now have 16 gold pieces.
A bat comes into view.
The bat is engulfed in blazing flames.
The bat dies!
Really walk into a travel-excluded area?
Found 2 scrolls labelled GANWES UMUF.
You are engulfed in blazing flames.
Ouch! That really hurt!
You are engulfed in blazing flames.
Ouch! That really hurt!
You die...

#.# #.# #.#
...#######.#
#.......#.#
######....#
#...###
#§§☼# #°@§#
#§§○# #...#
.....
§.!$..§
§§.?.?.§§
####...####
#..§#


There were no monsters in sight!

Vanquished Creatures
  A ball python (D:1)
  A bat (D:1)
  2 endoplasms (D:1)
  A rat (D:1)
5 creatures vanquished.

Vanquished Creatures (others)
  A bat (D:1)
1 creature vanquished.

Grand Total: 6 creatures vanquished

Notes
Turn   | Place    | Note
-------+----------+-------------------------------------------
     0 | Abyss:1  | jmlagarto the Hill Orc Abyssal Knight began the quest for
                  | the Orb.
     0 | Abyss:1  | Reached XP level 1. HP: 19/19 MP: 2/2
     0 | D:1      | Escaped the Abyss
   233 | D:1      | Engulfed by a cloud of flame

Illustrated notes

Levels and vault maps discovered:
D:1:      lightli_iron_boxes, layout_rooms, minmay_misc_feat_tiny,
          chequers_big_river, hangedman_decor_slide_cut, lemuel_flame_loot_1

Action                   || total
-------------------------++-------
Melee: Hand axe          ||    11
       Punch             ||     1
Invok: Depart the Abyss  ||     1
Armor: Leather armour    ||     6
Dodge: Dodged            ||    19

Table legend: (Time is in decaauts)
 A = Elapsed time spent in this place.
 B = Non-inter-level travel time spent in this place.
 C = Inter-level travel time spent in this place.
 D = Time resting spent in this place.
 E = Time spent auto-exploring this place.
 F = Levels seen in this place.
 G = Mean time per level.
                   A        B        C        D        E       F      G
               +--------+--------+--------+--------+--------+-----+--------+
         Total |    234 |    234 |      0 |      0 |    192 |   2 |  117.0 |
       Dungeon |    234 |    234 |      0 |      0 |    192 |   1 |  234.0 |
         Abyss |      0 |      0 |      0 |      0 |      0 |   1 |    0.0 |
               +--------+--------+--------+--------+--------+-----+--------+

Top non-repeatable levels by time:
     D:1: 234 daAuts
